 Dungeon Crawl Stone Soup version 0.26.0-45-g9c1d065592 (webtiles) character file.

Game seed: 1980252179550270473

672 kaeus the Chopper (level 7, -6/62 HPs)
             Began as a Hill Orc Monk on Jan 27, 2021.
             Was a Follower of Beogh.
             Mangled by an orc warrior
             ... wielding a +0 trident
              (11 damage)
             ... on level 6 of the Dungeon.
             The game lasted 00:09:16 (6158 turns).

kaeus the Chopper (Hill Orc Monk)                   Turns: 6158, Time: 00:09:16

Health: -6/62      AC: 12    Str: 16    XL:     7   Next: 58%
Magic:  10/10      EV: 10    Int: 10    God:    Beogh [*.....]
Gold:   306        SH:  0    Dex: 13    Spells: 6/6 levels left

rFire    + + .     SeeInvis .   a - +1 hand axe
rCold    x . .     Faith    .   (no shield)
rNeg     . . .     Spirit   .   q - +0 fire dragon scales
rPois    .         Reflect  .   d - +1 hat
rElec    .         Harm     .   f - +1 cloak {Stlth+}
rCorr    .         Rampage  .   (no gloves)
Will     .....     Clarity  +   (no boots)
Stlth    ..........             (no amulet)
HPRegen  0.20/turn              (no ring)
MPRegen  0.12/turn              (no ring)

@: no status effects
A: blurry vision 1, clarity
a: Renounce Religion


You were on level 6 of the Dungeon.
You worshipped Beogh.
Beogh was aware of your devotion.
You visited 1 branch of the dungeon, and saw 8 of its levels.

You collected 306 gold pieces.

Inventory:

Hand Weapons
 a - a +1 hand axe (weapon)
Armour
 d - a +1 hat (worn)
 f - a +1 cloak of stealth (worn)
 k - a +0 chain mail
 q - +0 fire dragon scales (worn)
 s - a cursed +0 pair of boots
Wands
 g - a wand of paralysis (9)
 n - a wand of flame (19)
Scrolls
 b - 2 scrolls of teleportation
 e - 3 scrolls of fog
 j - 6 scrolls of identify
 l - 2 scrolls of amnesia
 m - a scroll of remove curse {unknown}
 o - a scroll of immolation {unknown}
 p - a scroll of enchant weapon
 r - a scroll of random uselessness {unknown}
Potions
 c - a potion of magic {unknown}
 h - a potion of brilliance {unknown}
 i - a potion of attraction


   Skills:
 + Level 5.8 Fighting
 + Level 6.4 Axes
 + Level 3.8 Armour
 - Level 3.4 Dodging
 - Level 1.5 Stealth
 * Level 4.3 Invocations


You had 6 spell levels left.
You didn't know any spells.
Your spell library contained the following spells:

 Spells                   Type           Power        Failure   Level
 Beastly Appendage        Tmut           0%           86%         1
 Wereblood                Tmut           0%           95%         2
 Spider Form              Tmut/Pois      0%           99%         3
 Ice Form                 Ice/Tmut       0%           100%        4
 Blade Hands              Tmut           0%           100%        5


Dungeon Overview and Level Annotations

Branches:
Dungeon (8/15)
 Temple: D:4-7         Lair: D:8-11

Altars:
Nemelex Xobeh
Okawaru
Ru
Sif Muna
Wu Jian
Yredelemnul

Annotations:
D:5 Dowan, Duvessa


Innate Abilities, Weirdness & Mutations

Scrolls take you a little longer to read.
You possess an exceptional clarity of mind.


Message History

The phantom is lightly damaged.
The phantom hits you but does no damage.
The orc warrior closely misses you.
You barely miss the phantom.
The phantom is lightly damaged.
The phantom closely misses you. The orc warrior barely misses you.
You hit the phantom.
The phantom is lightly damaged.
The phantom hits you but does no damage.
The orc warrior hits you from afar with a +0 trident!
* * * LOW HITPOINT WARNING * * *
You take 16 damage, and have 11/62 hp.
MASSIVE DAMAGE!!
You barely miss the phantom.
The phantom is lightly damaged.
The phantom hits you.
* * * LOW HITPOINT WARNING * * *
The phantom blinks!
The orc warrior hits you from afar with a +0 trident!
You die...
Beogh appreciates the orc warrior's killing of a heretic priest.

###################
#...>..............
####.#...##########
#.....## #.#.)..#
#.#....###
#.#......#
#.#...##@#
#.#.####ยง#
#.#.#..{o# #.#.#o##
#....<# #....W#
#.#.#.# ........
###.#.#.##


You could see a phantom, an orc warrior and an orc.

Vanquished Creatures
  A necrophage (D:8)
  An ogre (D:4)
  2 bullfrogs
  A scorpion (D:4)
  A hound (D:7)
  An orc priest (D:4)
  A worker ant (D:6)
  8 adders
  A shadow imp (D:7)
  4 oozes
  6 worms
  2 dart slugs
  10 leopard geckos
  20 orcs
  3 giant cockroaches
  6 goblins
  7 hobgoblins
  6 jackals
  4 kobolds
  A quokka (D:3)
  3 ball pythons
  8 bats
  2 frilled lizards
  A leopard gecko skeleton (D:4)
  7 rats
107 creatures vanquished.

Vanquished Creatures (others)
  An orc (D:3)
  A plant (D:2)
2 creatures vanquished.

Grand Total: 109 creatures vanquished

Notes
Turn   | Place    | Note
-------+----------+-------------------------------------------
     0 | D:1      | kaeus the Hill Orc Monk began the quest for the Orb.
     0 | D:1      | Reached XP level 1. HP: 19/19 MP: 1/1
   580 | D:1      | Reached XP level 2. HP: 21/27 MP: 2/2
   784 | D:1      | Reached skill level 1 in Armour
   885 | D:1      | Reached XP level 3. HP: 26/33 MP: 3/3
  1703 | D:2      | Reached XP level 4. HP: 12/40 MP: 4/4
  1712 | D:2      | HP: 2/41 [worm (8)]
  1717 | D:2      | HP: 3/61 [worm (2)]
  1721 | D:2      | Gained mutation: Scrolls take you a little longer to read.
                  | [potion of mutation]
  1721 | D:2      | Gained mutation: Your spells are a little easier to cast,
                  | but a little less powerful. [potion of mutation]
  1721 | D:2      | Lost mutation: Your spells are a little easier to cast, but
                  | a little less powerful. [potion of mutation]
  1721 | D:2      | Gained mutation: You possess an exceptional clarity of
                  | mind. [potion of mutation]
  2288 | D:2      | Found a faded altar of an unknown god.
  2534 | D:2      | Found a shimmering blue altar of Sif Muna.
  2795 | D:3      | Reached skill level 5 in Axes
  2996 | D:3      | Reached XP level 5. HP: 42/47 MP: 5/5
  3013 | D:3      | Found a basalt altar of Yredelemnul.
  3725 | D:3      | Became a worshipper of Beogh the Brigand
  3725 | D:3      | Reached * piety under Beogh
  3725 | D:3      | Reached ** piety under Beogh
  4226 | D:3      | Found an ornate altar of the Wu Jian Council.
  4368 | D:4      | Reached skill level 5 in Fighting
  4368 | D:4      | Reached XP level 6. HP: 28/56 MP: 6/6
  4628 | D:4      | Found a sacrificial altar of Ru.
  4832 | D:4      | Reached skill level 1 in Invocations
  5141 | D:4      | Found a sparkling altar of Nemelex Xobeh.
  5291 | D:4      | You fall into a shaft and drop 3 floors!
  5292 | D:7      | Noticed a necrophage
  5332 | D:8      | Killed a necrophage
  5333 | D:8      | Reached skill level 6 in Axes
  5333 | D:8      | Reached XP level 7. HP: 58/61 MP: 1/9
  6133 | D:5      | Entered Level 5 of the Dungeon
  6133 | D:5      | Found an iron altar of Okawaru.
  6133 | D:5      | Noticed Duvessa
  6133 | D:5      | Noticed Dowan
  6158 | D:6      | Mangled by an orc warrior

Illustrated notes

Levels and vault maps discovered:
D:1:      saegor_arrival_simple_e, layout_basic, minmay_cut_off
D:2:      layout_basic, lemuel_blue_sif_altar, chequers_ecumenical_altar_twisty,
          serial_bayou_pond_b, bh_walls_and_bars
D:3:      layout_basic, pdpol_wu_jian_five_deadly_venoms, serial_rivers,
          chequers_serial_rivers_micro_c, chequers_serial_rivers_marsh,
          chequers_serial_rivers_micro_a, chequers_serial_rivers_marsh,
          chequers_serial_rivers_large_a, gup_sewer_entry_spiral,
          yredelemnul_altar_generic
D:4:      layout_layer_cave, nicolae_ru_awakened_eye,
          nemelex_xobeh_ov_fountains_minmay, uniq_grinder
D:5:      layout_loops_corners, minmay_temple_entry_hall,
          chequers_serial_rivers_small_3, okawaru_gym_becter, uniq_duvessa
D:6:      layout_basic
D:7:      layout_loops_ring, old_standard_altar, vehumet_altar_wand_db,
          grunt_temple_overflow_open, minmay_misc_feat_doors,
          kennysheep_generic_room_3
D:8:      layout_cave_pods, nicolae_overflow_crystal_walls,
          introduction_to_nature_1, uniq_grum

Skill      XL: |  1  2  3  4  5  6  7 |
---------------+----------------------+-----
Armour         | 1 2 3 |  3.8
Fighting       | 4 5 |  5.8
Dodging        | 3 |  3.4
Axes           | 5 6 |  6.4
Invocations    | 3 4 |  4.3
Stealth        | |  1.5

Action                   |  1- 3 |  4- 6 |  7- 9 || total
-------------------------+-------+-------+-------++-------
Melee: Hand axe          |    97 |   240 |   105 ||   442
Invok: Convert to Beogh  |       |     1 |       ||     1
       Smiting           |       |     3 |       ||     3
  Use: Scroll            |       |     7 |       ||     7
       Potion            |       |     2 |     2 ||     4
 Stab: Sleeping          |     3 |     1 |       ||     4
Armor: Leather armour    |    35 |    12 |       ||    47
       Ring mail         |       |    49 |       ||    49
       Skin              |       |    12 |       ||    12
       Chain mail        |       |    28 |    45 ||    73
       Fire dragon scale |       |       |    28 ||    28
Dodge: Dodged            |    77 |   143 |    51 ||   271
